 Dungeon Crawl Stone Soup version 0.31-a0-369-g8eba5f6939 (webtiles) character file.

Game seed: 16587413673345511653

235 floatRand the Ruffian (level 5, -1/40 HPs)
             Began as a Draconian Shapeshifter on July 29, 2023.
             Slain by Grinder (5 damage)
             ... on level 3 of the Dungeon.
             The game lasted 00:01:45 (1660 turns).

floatRand the Ruffian (Draconian Shapeshifter)      Turns: 1660, Time: 00:01:45

Health: -1/40      AC:  5    Str: 18    XL:     5   Next: 76%
Magic:  5/5        EV: 12    Int:  8    God:
Gold:   122        SH:  0    Dex: 13    Spells: 4/4 levels left

rFire   . .          .
                       - Unarmed
rCold   . . .        (no shield)
rNeg    . . .        (body armour unavailable)
rPois   .            (helmet currently unavailable)
rElec   .            (cloak currently unavailable)
rCorr   .            (gloves currently unavailable)
SInv    .            (boots currently unavailable)
Will    .....        (no amulet)
Stlth   +            (no ring)
HPRegen 0.26/turn    (no ring)
MPRegen 0.09/turn

%: no passive effects
@: beast-form
A: beast (slay +2), AC +5, unfitting armour, cold-blooded
a: Begin Untransformation


You were on level 3 of the Dungeon.
You were a hulking beast.
You visited 1 branch of the dungeon, and saw 3 of its levels.

You collected 122 gold pieces.

Inventory:

Jewellery
 j - a ring of poison resistance
 k - a +4 ring of protection
 m - a +6 ring of dexterity
Talismans
 b - a beast talisman
Scrolls
 c - a scroll of revelation {unknown}
 e - 6 scrolls of teleportation {unknown}
 f - 2 scrolls of fear {unknown}
 g - 2 scrolls of poison {unknown}
 h - a scroll of brand weapon {unknown}
Potions
 a - 2 potions of curing {unknown}
 d - a potion of heal wounds {unknown}
 i - 2 potions of resistance {unknown}
 l - a potion of might {unknown}


   Skills:
 - Level 1.1 Fighting
 - Level 1.7 Dodging
 * Level 5.6 Unarmed Combat
 + Level 4.1 Shapeshifting


You had 4 spell levels left.
You didn't know any spells.
Your spell library was empty.

Dungeon Overview and Level Annotations

Branches:
Dungeon (3/15)

Altars:
Hepliaklqana

Annotations:
D:2 1 runed translucent door, Crazy Yiuf
D:3 Grinder


Innate Abilities, Weirdness & Mutations

You are a hulking beast.
Your limbs bulge with bestial killing power. (Slay +2)
Your plain brown scales are hard. (AC +5)
You cannot fit into any form of body armour.
You are cold-blooded and may be slowed by cold attacks.


Message History

Grinder opens the door.
Grinder blinks!
You start resting.
Grinder is nearby!
You hit Grinder. You tail-slap Grinder.
Grinder is moderately wounded.
Grinder gestures at you. Pain shoots through your body!
You punch Grinder!
Grinder is heavily wounded.
Grinder barely misses you.
Unknown command.
You barely miss Grinder.
Grinder is heavily wounded.
Grinder says, "Don't move a muscle."
Grinder hits you.
You writhe in agony.
You hit Grinder.
Your tail-slap misses Grinder.
Grinder is heavily wounded.
You hit Grinder.
Your tail-slap misses Grinder.
Grinder is severely wounded.
Grinder barely misses you.
You hit Grinder.
Grinder is severely wounded.
Grinder closely misses you.
You hit Grinder.
Grinder is almost dead.
Grinder blinks!
There is an open door here.
Grinder gestures at you. Pain shoots through your body!
* * * LOW HITPOINT WARNING * * *
Unknown command.
You hit Grinder.
You tail-slap Grinder, but do no damage.
Grinder is almost dead.
Grinder barely misses you.
You barely miss Grinder. Your punch misses Grinder.
Grinder is almost dead.
Grinder hits you.
You die...

### #.. #.# ##+###+###+###
####### #.##..#.......#..#
#.....##### #..#..#.......#..#
#.....'...#####.. ..+ ##+###'..'
#.....###.##....##..# +...+.#..#
#.....# #.##..5h.#..# #...#†#..#
#####.## #.##.....'##+ #._.#.+##'
...##.# #.##....##..# #...#.#..#
##.##.####.##....##..# +...'.#..#
#.#.......##....++..+###'###+..+
#.#..#######....##..#.......#..#
#.#.............##..#.......#..#
#.#...>..........###+###+###+###
##.#.............................


You could see Grinder.

Vanquished Creatures
  Sigmund (D:3)
  An adder (D:3)
  2 orcs (D:2)
  8 ball pythons
  4 endoplasms
  2 giant cockroaches
  7 hobgoblins
  4 jackals (D:2)
  A quokka (D:3)
  2 bats (D:3)
  4 frilled lizards
  6 goblins
  6 kobolds
  6 rats
54 creatures vanquished.

Notes
Turn   | Place    | Note
-------+----------+-------------------------------------------
     0 | D:1      | floatRand the Draconian Shapeshifter began the quest for
                  | the Orb.
     0 | D:1      | Reached XP level 1. HP: 16/16 MP: 1/1
   140 | D:1      | Reached XP level 2. HP: 20/23 MP: 2/2
   621 | D:1      | Reached XP level 3. HP: 26/28 MP: 3/3
   793 | D:2      | Found a runed translucent door.
   794 | D:2      | Noticed Crazy Yiuf
   944 | D:2      | Reached skill level 4 in Unarmed Combat
  1113 | D:2      | You fall into a shaft and drop 1 floor!
  1114 | D:3      | Found a hazy altar of Hepliaklqana.
  1206 | D:3      | Noticed Sigmund
  1218 | D:3      | Killed Sigmund
  1219 | D:3      | Reached skill level 5 in Unarmed Combat
  1219 | D:3      | Reached XP level 4. HP: 34/35 MP: 4/4
  1219 | D:3      | Reached XP level 5. HP: 40/40 MP: 5/5
  1608 | D:3      | Noticed Grinder
  1627 | D:3      | Paralysed by Grinder for 5 turns
  1660 | D:3      | Slain by Grinder

Illustrated notes

Levels and vault maps discovered:
D:1:      psy_arrival_radial01, layout_basic
D:2:      cheibrodos_pilgrimage, layout_loops_cross, uniq_crazy_yiuf_cottage
D:3:      layout_basic, mainiacjoe_overflow_24_doors,
          hellmonk_ecumenical_altar_watching_god, minmay_misc_feat_chi,
          st_stairs_1, minmay_starry_boxes, uniq_sigmund, uniq_grinder

Skill      XL: |  1  2  3 |
---------------+----------+-----
Unarmed Combat | 5 |  5.6
Shapeshifting  | 4 |  4.1
Fighting       | |  1.1
Dodging        | |  1.7

Action                     |  1- 3 |  4- 6 || total
---------------------------+-------+-------++-------
  Melee: Unarmed           |    91 |    27 ||   118
         Tailslap          |     5 |     4 ||     9
         Punch             |       |     1 ||     1
    Use: Potion            |     1 |       ||     1
   Stab: Sleeping          |     1 |       ||     1
 Armour: Skin              |    28 |     4 ||    32
  Dodge: Dodged            |    45 |    14 ||    59

Table legend: (Time is in decaauts)
 A = Elapsed time spent in this place.
 B = Non-inter-level travel time spent in this place.
 C = Inter-level travel time spent in this place.
 D = Time resting spent in this place.
 E = Time spent auto-exploring this place.
 F = Levels seen in this place.
 G = Mean time per level.
                   A        B        C        D        E       F      G
               +--------+--------+--------+--------+--------+-----+--------+
         Total |   1654 |   1643 |     11 |     71 |   1176 |   3 |  551.3 |
       Dungeon |   1654 |   1643 |     11 |     71 |   1176 |   3 |  551.3 |
               +--------+--------+--------+--------+--------+-----+--------+

Top non-repeatable levels by time:
     D:1: 746 daAuts
     D:3: 543 daAuts
     D:2: 364 daAuts
